 Dungeon Crawl Stone Soup version 0.30-a0-857-gcaf70739d4 (webtiles) character file.

Game seed: 14341016508846656249

147 Newt the Shooter (level 5, -10/35 HPs)
             Began as a Kobold Hunter on Mar 6, 2023.
             Killed by an exploding gnoll (26 damage)
             ... ignited by their inner flame
             ... on level 3 of the Dungeon.
             The game lasted 00:02:47 (2237 turns).

Newt the Shooter (Kobold Hunter)                    Turns: 2237, Time: 00:02:47

Health: -10/35     AC:  4    Str:  9    XL:     5   Next: 54%
Magic:  5/5        EV: 15    Int: 16    God:
Gold:   109        SH:  0    Dex: 26    Spells: 4/4 levels left

rFire   . . .      SeeInvis .    a - +1 shortbow
rCold   . . .      Faith    .    (shield currently unavailable)
rNeg    . . .      Spirit   .    c - +1 leather armour
rPois   .          Reflect  .    (no helmet)
rElec   .          Rampage  .    (no cloak)
rCorr   .                        (no gloves)
Will    .....                    (no boots)
Stlth   +++                      (no amulet)
HPRegen 0.25/turn                h - +6 ring of intelligence
MPRegen 0.09/turn                e - +6 ring of dexterity

@: no status effects
A: small, no large weapons, nightstalker 3
a: no special abilities


You were on level 3 of the Dungeon.
You visited 1 branch of the dungeon, and saw 3 of its levels.

You collected 109 gold pieces.

Inventory:

Hand Weapons
 a - a +1 shortbow (weapon)
Armour
 c - a +1 leather armour (worn)
Jewellery
 e - a +6 ring of dexterity (right hand)
 h - a +6 ring of intelligence (left hand)
Scrolls
 b - a scroll of immolation
 f - 2 scrolls of fog
 n - a scroll of teleportation
Potions
 d - 7 potions of curing
 g - 2 potions of degeneration
 i - a potion of invisibility
 j - a potion of attraction {unknown}
 k - a potion of ambrosia
 l - a potion of heal wounds
 m - a potion of flight


   Skills:
 - Level 5.0 Fighting
 + Level 6.5 Ranged Weapons
 - Level 2.4 Dodging
 - Level 1.3 Stealth


You had 4 spell levels left.
You didn't know any spells.
Your spell library contained the following spells:

 Spells                   Type           Power      Damage    Failure   Level
 Sting                    Tmut/Pois      0%         1d3       34%         1
 Poisonous Vapours        Pois/Air       0%         N/A       47%         2
 Olgreb's Toxic Radiance  Pois           0%         N/A       98%         4


Dungeon Overview and Level Annotations

Branches:
Dungeon (3/15)

Altars:
Elyvilon

Shops:
D:3 *


Innate Abilities, Weirdness & Mutations

You are small and have problems with some larger weapons.
You are completely attuned to the shadows.


Message History

Unknown command.
The orc wizard attacks as you move away!
The orc wizard misses you. The adder bites you.
The adder attacks as you move away! The adder bites you but does no damage.
The adder bites you but does no damage.
You shoot an arrow. The arrow misses the adder.
The adder barely misses you. The adder closely misses you.
You shoot an arrow. The arrow hits the adder.
The adder is lightly wounded.
The gnoll closely misses you. The adder misses you.
You shoot an arrow. The arrow hits the adder!
You kill the adder!
You hear a shout!
The gnoll hits you from afar with a +2 heavy halberd!!
Ouch! That really hurt!
Okay, then.
Okay, then.
You feel much better. The gnoll completely misses you.
Really read the scroll of immolation?
As you read the scroll of immolation, it crumbles to dust.
The creatures around you are filled with an inner flame!
Fire: a) +1 shortbow
Press: ? - help, Q - select action Shift-Dir - straight line, f - gnoll
Aim: a gnoll, wielding a +0 club (inner flame, 73% to hit)
You shoot an arrow. The arrow barely misses the gnoll. x2
The gnoll hits you from afar with a +2 heavy halberd!!
Ouch! That really hurt!
The gnoll misses you.
Fire: a) +1 shortbow
Press: ? - help, Q - select action Shift-Dir - straight line, f/p - gnoll
Aim: a gnoll, wielding a +0 club (inner flame, 73% to hit)
You shoot an arrow. The arrow hits the gnoll!
Flame seeps out of the gnoll.
The gnoll is severely wounded.
The gnoll barely misses you.
The gnoll is engulfed in blazing flames.
The gnoll explodes!
The fiery explosion engulfs you!!
Ouch! That really hurt!
You die...

..#.# #.#####............#...#
###.## #.# ##....###....#...#
..#..####.# #....# ##.......#
..........# #....# #.......#
..........######....# #††..####
...............#....# #....#####
..........#..#.#....# #....##...
.....######..#.###§######...##...
..##............@○g.o.......##...
..##...........######.......##...
..##...........##......<....##.##
..##.........(.##...........#..#
####............#.......o.##..###
#............#........o.......
####............#................
............###.#................
............###.......#.#..###...


You could see an orc wizard and a gnoll (inner flame).

Vanquished Creatures
  Jessica (D:3)
  An orc wizard (D:3)
  A gnoll (D:3)
  2 adders
  4 worms
  A dart slug (D:2)
  5 ball pythons
  5 endoplasms
  A giant cockroach (D:1)
  3 goblins
  8 hobgoblins
  6 jackals
  6 kobolds
  2 quokkas
  4 bats
  A frilled lizard (D:3)
  10 rats
61 creatures vanquished.

Notes
Turn   | Place    | Note
-------+----------+-------------------------------------------
     0 | D:1      | Newt the Kobold Hunter began the quest for the Orb.
     0 | D:1      | Reached XP level 1. HP: 12/12 MP: 1/1
    79 | D:1      | Reached XP level 2. HP: 18/18 MP: 2/2
   255 | D:2      | Reached XP level 3. HP: 10/23 MP: 3/3
  1046 | D:1      | Reached XP level 4. HP: 30/30 MP: 4/4
  1317 | D:2      | Found a white marble altar of Elyvilon.
  1527 | D:3      | Noticed Jessica
  1529 | D:3      | Killed Jessica
  1530 | D:3      | Reached skill level 5 in Fighting
  1559 | D:3      | Reached XP level 5. HP: 35/35 MP: 5/5
  2209 | D:3      | Found Paappyaf's Assorted Antiques.
  2215 | D:3      | Reached skill level 6 in Ranged Weapons
  2237 | D:3      | Killed by an exploding gnoll... ignited by their inner
                  | flame

Illustrated notes

Levels and vault maps discovered:
D:1:      erik_arrival_triangle_large, layout_basic
D:2:      layout_rooms, basic_altar
D:3:      due_chaos_kobolds, layout_basic, serial_shops, shop,
          chequers_serial_rivers_small_a, uniq_jessica

Skill      XL: |  1  2  3  4  5 |
---------------+----------------+-----
Fighting       | 3 4 5 |  5.0
Ranged Weapons | 6 |  6.5
Dodging        | |  2.4
Stealth        | |  1.3

Action                     |  1- 3 |  4- 6 || total
---------------------------+-------+-------++-------
   Fire: Shortbow          |    91 |    57 ||   148
    Use: Scroll            |     3 |     9 ||    12
         Potion            |       |     1 ||     1
 Armour: Leather armour    |    28 |     5 ||    33
  Dodge: Dodged            |    89 |    13 ||   102

Table legend: (Time is in decaauts)
 A = Elapsed time spent in this place.
 B = Non-inter-level travel time spent in this place.
 C = Inter-level travel time spent in this place.
 D = Time resting spent in this place.
 E = Time spent auto-exploring this place.
 F = Levels seen in this place.
 G = Mean time per level.
                   A        B        C        D        E       F      G
               +--------+--------+--------+--------+--------+-----+--------+
         Total |   2279 |   2229 |     50 |    616 |   1299 |   3 |  759.7 |
       Dungeon |   2279 |   2229 |     50 |    616 |   1299 |   3 |  759.7 |
               +--------+--------+--------+--------+--------+-----+--------+

Top non-repeatable levels by time:
     D:2: 939 daAuts
     D:3: 773 daAuts
     D:1: 566 daAuts
